 Dungeon Crawl Stone Soup version 0.19.0-20-gbc5f0c6 (webtiles) character file.

78822 Ponchio the Eclecticist (level 15, -4/111 HPs)
             Began as a Deep Elf Fire Elementalist on Nov 14, 2016.
             Was the Champion of Vehumet.
             Slain by a wolf spider (7 damage)
             ... on level 1 of the Spider Nest on Nov 17, 2016.
             The game lasted 05:25:29 (29571 turns).

Ponchio the Eclecticist (DEFE)                     Turns: 29571, Time: 05:25:32

Health: -4/111     AC:  8    Str:  5    XL:     15   Next: 19%
Magic:  26/40      EV: 20    Int: 33    God:    Vehumet [******]
Gold:   56         SH:  0    Dex: 17    Spells: 8 memorised, 12 levels left

rFire  . . .     SeeInvis .     j - +5 rapier of Qouff {pierce, rC+}
rCold  + . .     Gourm    .     t - +1 robe {MR+}
rNeg   + . .     Faith    .     (no shield)
rPois  +         Spirit   .     (helmet restricted)
rElec  +         Reflect  .     F - -1 cloak of the Stars {rElec rN+ Regen+}
rCorr  .         Harm     .     a - +0 pair of gloves
MR     ++...                    q - +0 pair of boots {run}
Stlth  ++........               y - amulet of Vitality {Regen+ HP+15}
                                X - ring of poison resistance
                                r - +6 ring of intelligence

@: very slightly contaminated, hasted, deflect missiles, very quick
A: antennae 1, icy blue scales 1, rugged brown scales 1, agile 1, high mp 1,
robust 1, screaming 1
a: Renounce Religion


You were on level 1 of the Spider Nest.
You worshipped Vehumet.
Vehumet was exalted by your worship.
You were not hungry.

You visited 5 branches of the dungeon, and saw 22 of its levels.
You also visited: Ice Cave.

You collected 2151 gold pieces.
You spent 2095 gold pieces at shops.

Inventory:

Hand Weapons
 j - the +5 rapier of Qouff (weapon) {pierce, rC+}
   (You found it on level 1 of the Lair of Beasts)

   It inflicts extra damage upon your enemies.
   It protects you from cold.
Armour
 a - a +0 pair of gloves (worn)
 q - a +0 pair of boots of running (worn)
 t - a +1 robe of magic resistance (worn)
 F - the -1 cloak of the Stars (worn) {rElec rN+ Regen+}
   (You bought it in a shop on level 4 of the Dungeon)

   It insulates you from electricity.
   It protects you from negative energy.
   It increases your rate of regeneration.
Magical Staves
 N - an uncursed staff of earth
Jewellery
 i - an uncursed ring of see invisible
 n - an uncursed ring of positive energy
 r - a +6 ring of intelligence (left hand)
 y - the amulet of Vitality (around neck) {Regen+ HP+15}
   (You found it on level 5 of the Dungeon)

   [amulet of regeneration]

   It affects your health (+15).
   It increases your rate of regeneration.
 H - a +4 ring of evasion
 I - an uncursed ring of teleportation
 J - an uncursed ring of flight
 V - an uncursed ring of protection from magic
 X - a ring of poison resistance (right hand)
Wands
 b - a wand of iceblast (11/15)
 d - a wand of iceblast (7/15)
 p - a wand of iceblast (6/15)
 K - a wand of iceblast (8/15)
 S - a wand of hasting (7/9)
Scrolls
 k - 18 scrolls of remove curse
 s - a scroll of fear
 u - a scroll of fog
 C - 2 scrolls of teleportation
 O - 3 scrolls of magic mapping
Potions
 e - 5 potions of flight
 f - 3 potions of resistance
 x - a potion of cancellation
 z - 4 potions of ambrosia
 E - 6 potions of curing
 G - a potion of berserk rage
 M - 4 potions of brilliance
 P - 2 potions of cure mutation
 R - a potion of lignification {unknown}
 Z - 3 potions of agility
Books
 g - a book of the Sky

   Spells                             Type                      Level
   a - Summon Lightning Spire         Summoning/Air                4
   b - Airstrike                      Air                          4
   c - Silence                        Hexes/Air                    5
   d - Deflect Missiles               Charms/Air                   6
   e - Conjure Ball Lightning         Conjuration/Air              6
   f - Tornado                        Air                          9
 l - a book of Party Tricks

   Spells                             Type                      Level
   a - Summon Butterflies             Summoning                    1
   b - Apportation                    Translocation                1
   c - Lesser Beckoning               Translocation                3
   d - Tukima's Dance                 Hexes                        3
   e - Alistair's Intoxication        Transmutation/Poison         5
   f - Invisibility                   Hexes                        6
 m - a book of Necromancy

   Spells                             Type                      Level
   a - Pain                           Necromancy                   1
   b - Animate Skeleton               Necromancy                   1
   c - Vampiric Draining              Necromancy                   3
   d - Regeneration                   Charms/Necromancy            3
   e - Animate Dead                   Necromancy                   4
   f - Control Undead                 Necromancy                   4
Miscellaneous
 v - a disc of storms
 w - a phantom mirror
 Q - a phial of floods
Comestibles
 c - 6 bread rations
 o - 6 royal jellies
 A - 32 fruits
 B - 9 meat rations


   Skills:
 - Level 6.6 Fighting
 - Level 10.5 Dodging
 - Level 2.4 Stealth
 - Level 16.0 Spellcasting
 - Level 16.0 Conjurations
 - Level 15.4 Charms
 + Level 2.1 Transmutations
 - Level 10.7 Fire Magic
 - Level 0.8 Air Magic
 + Level 2.0 Poison Magic


You had 12 spell levels left.
You knew the following spells:

 Your Spells              Type           Power        Failure   Level  Hunger
a - Flame Tongue          Conj/Fire      #####        0%          1    None
b - Throw Flame           Conj/Fire      ######       0%          2    None
c - Fireball              Conj/Fire      #######...   1%          5    None
d - Mephitic Cloud        Conj/Pois/Air  ######..     1%          3    None
e - Iskenderun's Battles  Conj/Chrm      #######.     1%          5    None
f - Orb of Destruction    Conj           #######...   1%          7    ####...
g - Alistair's Intoxicat  Tmut/Pois      #####...     21%         5    None
h - Deflect Missiles      Chrm/Air       ######....   10%         6    ##.....


Dungeon Overview and Level Annotations

Branches:
Dungeon (12/15)            Temple (1/1) D:5            Lair (6/6) D:11
  Swamp (0/4) Lair:2       Spider (1/4) Lair:2        Slime (0/5) Lair:6
    Orc (2/2) D:12            Elf (0/3) Orc:2

Altars:
Ashenzari
Cheibriados
Dithmenos
Elyvilon
Fedhas
Gozag
Hepliaklqana
Kikubaaqudgha
Makhleb
Nemelex Xobeh
Okawaru
Qazlal
Ru
Sif Muna
Trog
Uskayaw
Vehumet
Xom
Yredelemnul
Zin
The Shining One

Shops:
D:4 [   D:11 [   Orc:2 =:(*[

Annotations:
D:10 Grum


Innate Abilities, Weirdness & Mutations

You have a pair of small antennae on your head.
You are partially covered in icy blue scales. (AC +2)
You are partially covered in rugged brown scales. (AC +1, +3% HP)
You are agile. (Dex +2)
You have an increased reservoir of magic. (+10% MP)
You are robust. (+10% HP)
You occasionally shout uncontrollably at your foes.


Message History

An orb of destruction comes into view.
The wolf spider hits you but does no damage.
The wolf spider misses you.
The orb spider begins to weave its threads into a brightly glowing ball.
The orb of destruction hits you! The wolf spider hits you!
The wolf spider bites you! The wolf spider hits you!
* * * LOW HITPOINT WARNING * * *
The wolf spider closely misses you.
Evoke which item? (* to show all) (? for menu, Esc to quit)
Zapping:
S - a wand of hasting (8/9)
Press: ? - help, Shift-Dir - straight line, f - you, p - wolf spider You feel yourself speed up.
You are very lightly contaminated with residual magic.
This wand has 7 charges left.
The wolf spider hits you.
* * * LOW HITPOINT WARNING * * *
The wolf spider completely misses you. The wolf spider hits you!!
* * * LOW HITPOINT WARNING * * *
The wolf spider bites you!
You die...

.##.......
.....†..
....§###
#[(§..#
##....*#
#...§s###
##......###
#.#.s....###
####@...[..##
#..#.....#
#..#..#####
####......#
#.>.....###
###†.(.....#
##.#..†.....#
#<†........##
####^.........#


You could see a wolf spider, an orb spider and a friendly battlesphere.

Vanquished Creatures
  An orc warlord (Orc:2)
  A dire elephant (Lair:6)
  6 hydras
  A catoblepas (Lair:4)
  Erica (Lair:2)
  A merfolk avatar (Lair:6)
  A centaur warrior (D:12)
  3 orc high priests (Orc:2)
  A death knight (D:12)
  The ghost of MirrMurr the Ruffian, a novice TrHu of Qazlal (D:6)
  8 hill giants
  2 harpies (Lair:6)
  4 orc knights
  A necromancer (IceCv)
  2 wolf spiders (Spider:1)
  An oklob plant (Lair:6)
  5 orc sorcerers
  2 ugly things (D:12)
  2 manticores (D:12)
  2 cyclopes
  12 elephants
  Maurice (D:8)
  A torpor snail (Lair:3)
  4 black mambas
  An ice statue (IceCv)
  9 spiny frogs
  A gargoyle (D:12)
  8 rime drakes
  An efreet (D:12)
  12 freezing wraiths
  7 komodo dragons
  3 polar bears
  5 trolls
  A queen bee (D:12)
  3 jumping spiders
  4 hornets
  A merfolk (D:9)
  A polar bear (shapeshifter) (D:12)
  Grinder (D:4)
  A tyrant leech (Lair:2)
  4 two-headed ogres
  12 blink frogs
  10 hippogriffs
  Sigmund (D:5)
  A vampire (D:11)
  8 redbacks
  A wraith (D:12)
  A tarantella (Lair:2)
  42 yaks
  12 wyverns
  Eustachio (D:5)
  A hog (D:8)
  4 basilisks
  A steam dragon (D:12)
  A hungry ghost (D:7)
  3 vampire mosquitoes (D:12)
  A death yak simulacrum (IceCv)
  A mottled dragon (D:11)
  2 wargs (Orc:1)
  The ghost of sheala the Sneak, an amateur DEEn (D:4)
  A soldier ant (D:11)
  8 water moccasins
  6 porcupines
  A sky beast (D:10)
  A swamp drake (D:11)
  An eye of draining (D:12)
  26 orc warriors
  An alligator simulacrum (IceCv)
  9 ice beasts
  A phantom (D:11)
  11 black bears
  7 ogres
  19 wolves
  10 centaurs
  21 crocodiles
  3 big kobolds (D:9)
  21 bullfrogs
  4 gnoll sergeants (D:9)
  27 killer bees
  6 scorpions
  8 electric eels
  3 crimson imps
  7 howler monkeys
  A quasit (D:12)
  2 centaur zombies
  A draconian simulacrum (IceCv)
  A jelly (shapeshifter) (D:12)
  6 jellies
  24 orc priests
  7 hounds
  2 centaur skeletons
  4 gnoll shamans
  25 orc wizards
  6 iguanas
  2 spriggan simulacra (IceCv)
  6 troll simulacra (IceCv)
  7 worker ants
  A polar bear simulacrum (IceCv)
  A wolf simulacrum (IceCv)
  4 centaur simulacra (IceCv)
  A hound skeleton (D:5)
  4 worker ant zombies
  6 gnolls
  21 adders
  5 ogre simulacra (IceCv)
  2 naga simulacra (IceCv)
  3 shadow imps
  12 white imps (IceCv)
  An adder zombie (D:9)
  2 adder skeletons
  2 worms (D:3)
  A dart slug (D:1)
  8 leopard geckos
  61 orcs
  5 bats
  12 giant cockroaches
  11 goblins
  10 hobgoblins
  13 jackals
  14 kobolds
  4 quokkas
  3 ball pythons
  3 frilled lizards
  2 jackal skeletons (D:4)
  A quokka skeleton (D:6)
  5 rats
  5 bushes
  4 fungi
  6 plants
760 creatures vanquished.

Vanquished Creatures (collateral kills)
  2 water moccasins (Lair:6)
2 creatures vanquished.

Vanquished Creatures (others)
  2 bushes (D:9)
  9 fungi
  17 plants
28 creatures vanquished.

Grand Total: 790 creatures vanquished

Notes
Turn   | Place    | Note
-------+----------+-------------------------------------------
     0 | D:1      | Ponchio the Deep Elf Fire Elementalist began the quest for the Orb.
     0 | D:1      | Reached XP level 1. HP: 10/10 MP: 6/6
   271 | D:1      | Reached XP level 2. HP: 15/15 MP: 5/9
   665 | D:1      | Reached XP level 3. HP: 11/19 MP: 8/11
   939 | D:1      | Reached skill level 5 in Spellcasting
  1132 | D:1      | Learned a level 2 spell: Throw Flame
  1656 | D:2      | Reached XP level 4. HP: 24/24 MP: 1/13
  2869 | D:3      | Reached XP level 5. HP: 28/28 MP: 11/16
  3648 | D:4      | Noticed sheala's ghost (amateur DEEn)
  3658 | D:4      | Killed sheala's ghost
  3658 | D:4      | Reached XP level 6. HP: 29/32 MP: 17/19
  3890 | D:4      | Found Lemaro Ramu's Antique Armour Emporium.
  4332 | D:4      | Noticed Grinder
  4341 | D:4      | Killed Grinder
  4341 | D:4      | Reached skill level 10 in Spellcasting
  4341 | D:4      | Reached XP level 7. HP: 28/36 MP: 18/23
  5017 | D:5      | Entered Level 5 of the Dungeon
  5021 | D:5      | Noticed Eustachio
  5031 | D:5      | Killed Eustachio
  5307 | D:5      | Found a staircase to the Ecumenical Temple.
  5434 | Temple   | Entered the Ecumenical Temple
  5492 | Temple   | Became a worshipper of Vehumet
  5679 | D:5      | Reached XP level 8. HP: 41/41 MP: 16/24
  5725 | D:5      | Learned a level 5 spell: Fireball
  5890 | D:5      | Gained mutation: You are partially covered in rugged brown scales. (AC +1, +3% HP) [potion of mutation]
  5890 | D:5      | Gained mutation: You occasionally shout uncontrollably at your foes. [potion of mutation]
  5890 | D:5      | Gained mutation: You evolve. [potion of mutation]
  5977 | D:5      | Reached skill level 5 in Conjurations
  6074 | D:5      | Noticed Sigmund
  6080 | D:5      | Killed Sigmund
  6080 | D:5      | Reached skill level 5 in Fire Magic
  6097 | D:5      | Found a shattered altar of Ashenzari.
  6102 | D:5      | Found a sacrificial altar of Ru.
  6109 | D:5      | Found a deep blue altar of Sif Muna.
  6114 | D:5      | Found a shadowy altar of Dithmenos.
  6121 | D:5      | Found a glowing silver altar of Zin.
  6126 | D:5      | Found a snail-covered altar of Cheibriados.
  6137 | D:5      | Found a stormy altar of Qazlal.
  6302 | D:4      | Bought a polished cloak for 285 gold pieces
  6307 | D:4      | Identified the cursed -1 cloak of the Stars {rElec rN+ Regen+} (You bought it in a shop on level 4 of the Dungeon)
  6481 | D:6      | Noticed MirrMurr's ghost (novice TrHu)
  7232 | D:6      | Killed MirrMurr's ghost
  7232 | D:6      | Reached XP level 9. HP: 32/46 MP: 7/25
  7384 | D:6      | Gained mutation: You are robust. (+10% HP) [evolution]
  7683 | D:7      | Reached * piety under Vehumet
  7683 | D:7      | Offered knowledge of Magic Dart by Vehumet.
  8198 | D:7      | Found an ancient bone altar of Kikubaaqudgha.
  8311 | D:7      | Noticed a hill giant
  8315 | D:7      | Killed a hill giant
  8703 | D:8      | Noticed Maurice
  8709 | D:8      | Killed Maurice
  9400 | D:9      | Reached XP level 10. HP: 40/56 MP: 13/26
  9450 | D:9      | Gained mutation: You are agile. (Dex +2) [evolution]
  9577 | D:9      | Reached skill level 10 in Conjurations
  9577 | D:9      | Reached skill level 10 in Fire Magic
 10032 | D:9      | Reached skill level 5 in Dodging
 10706 | D:9      | Reached ** piety under Vehumet
 10706 | D:9      | Offered knowledge of Searing Ray by Vehumet.
 10909 | D:9      | Found a basalt altar of Yredelemnul.
 11624 | D:9      | Reached skill level 10 in Dodging
 11765 | D:9      | Reached XP level 11. HP: 54/61 MP: 4/27
 11801 | D:9      | Gained mutation: You have a pair of small antennae on your head. [evolution]
 11801 | D:9      | Lost mutation: You evolve. [end of evolution]
 12037 | D:9      | Upgraded the game from 0.19.0-19-g8c6edcc to 0.19.0-20-gbc5f0c6
 12177 | D:9      | Offered knowledge of Mephitic Cloud by Vehumet.
 12179 | D:9      | Reached skill level 1 in Fighting
 12281 | D:9      | Learned a level 3 spell: Mephitic Cloud
 12296 | D:9      | Learned a level 5 spell: Iskenderun's Battlesphere
 12333 | D:9      | Reached skill level 1 in Charms
 12703 | D:9      | Reached skill level 5 in Charms
 12786 | D:9      | Got a jewelled leather armour
 12798 | D:9      | Identified the +1 leather armour of Vaotox {rPois MR+ rCorr Int-2} (You found it on level 9 of the Dungeon)
 12873 | D:10     | Entered Level 10 of the Dungeon
 12883 | D:10     | Noticed Grum
 12964 | D:10     | Reached *** piety under Vehumet
 13657 | D:10     | Offered knowledge of Ignite Poison by Vehumet.
 13695 | D:10     | Noticed a hill giant
 13701 | D:10     | Killed a hill giant
 14310 | D:10     | Reached **** piety under Vehumet
 14625 | D:10     | Offered knowledge of Stone Arrow by Vehumet.
 15045 | D:11     | Found Xiutwim's Armour Shop.
 15068 | D:11     | Noticed a hill giant
 15072 | D:11     | Killed a hill giant
 15376 | D:11     | Reached XP level 12. HP: 67/67 MP: 31/31
 15785 | D:11     | Found a staircase to the Lair.
 16002 | Lair:1   | Entered Level 1 of the Lair of Beasts
 16127 | Lair:1   | Got a warped rapier
 16128 | Lair:1   | Identified the +5 rapier of Qouff {pierce, rC+} (You found it on level 1 of the Lair of Beasts)
 16342 | Lair:1   | Reached skill level 10 in Charms
 16925 | Lair:2   | Noticed a six-headed hydra
 16931 | Lair:2   | Killed a six-headed hydra
 16936 | Lair:2   | Reached skill level 15 in Spellcasting
 16977 | Lair:2   | Found a hole to the Spider Nest.
 17197 | Lair:2   | Found a frozen archway.
 17209 | IceCv    | Entered an ice cave
 17221 | IceCv    | Reached ***** piety under Vehumet
 17305 | IceCv    | Offered knowledge of Throw Icicle by Vehumet.
 17692 | IceCv    | Found an ancient bone altar of Kikubaaqudgha.
 18052 | IceCv    | Identified the Incunabulum of the Snowflakes
 18464 | Lair:2   | Reached XP level 13. HP: 80/80 MP: 21/34
 18728 | Lair:2   | Found a staircase to the Swamp.
 18872 | Lair:2   | Noticed Erica
 18879 | Lair:2   | Killed Erica
 19431 | Lair:3   | Reached skill level 5 in Fighting
 20152 | D:4      | Bought a shiny helmet for 315 gold pieces
 21286 | Lair:4   | Offered knowledge of Lee's Rapid Deconstruction by Vehumet.
 22169 | Lair:6   | Entered Level 6 of the Lair of Beasts
 22169 | Lair:6   | Found a staircase to the Slime Pits.
 22900 | Lair:6   | Reached XP level 14. HP: 90/90 MP: 32/36
 23197 | Lair:6   | HP: 5/105 [dire elephant (32)]
 23199 | Lair:6   | HP: 2/105 [dire elephant (9)]
 23474 | Lair:6   | Found a blossoming altar of Fedhas.
 24118 | Lair:5   | Gained mutation: You are partially covered in icy blue scales. (AC +2) [potion of beneficial mutation]
 24989 | D:12     | Found a staircase to the Orcish Mines.
 25233 | D:12     | Offered knowledge of Orb of Destruction by Vehumet.
 25317 | D:12     | Learned a level 7 spell: Orb of Destruction
 25571 | D:12     | Reached skill level 15 in Conjurations
 25904 | D:12     | Gained mutation: You have an increased reservoir of magic. (+10% MP) [potion of beneficial mutation]
 25936 | D:12     | Found a sacrificial altar of Ru.
 26916 | Orc:1    | Entered Level 1 of the Orcish Mines
 27147 | Orc:2    | Entered Level 2 of the Orcish Mines
 27186 | Orc:2    | Found Lestro's Jewellery Shoppe.
 27457 | Orc:2    | Noticed an orc warlord
 27479 | Orc:2    | Killed an orc warlord
 28248 | Orc:2    | Reached skill level 15 in Charms
 28359 | Orc:2    | Found a bloodstained altar of Trog.
 28363 | Orc:2    | Found a staircase to the Elven Halls.
 28515 | Orc:2    | Reached XP level 15. HP: 96/96 MP: 35/40
 28764 | Orc:2    | Reached ****** piety under Vehumet
 28985 | Orc:2    | Found Mur Vusch's Antique Armour Shop.
 28986 | Orc:2    | Found Jepecwea's Antique Weapon Shop.
 28988 | Orc:2    | Found Lainkil's General Store.
 28988 | Orc:2    | Found Opleben's Book Boutique.
 29022 | Orc:2    | Bought a book of the Sky for 845 gold pieces
 29022 | Orc:2    | Bought a book of Party Tricks for 650 gold pieces
 29028 | Orc:2    | Learned a level 5 spell: Alistair's Intoxication
 29035 | Orc:2    | Learned a level 6 spell: Deflect Missiles
 29314 | Spider:1 | Entered Level 1 of the Spider Nest
 29326 | Spider:1 | Reached skill level 1 in Transmutations
 29330 | Spider:1 | Reached skill level 1 in Poison Magic
 29547 | Spider:1 | Identified a +0 pair of boots of running (You found it on level 1 of the Spider Nest)
 29571 | Spider:1 | HP: 3/111 [wolf spider (18)]
 29571 | Spider:1 | Slain by a wolf spider

Skill      XL: |  1  2  3  4  5  6  7  8  9 10 11 12 13 14 15 |
---------------+----------------------------------------------+-----
Spellcasting   | 4 5 7 8 10 13 15 16 | 16.0
Conjurations   | 4 7 9 10 13 15 16 | 16.0
Fire Magic     | 4 7 9 10 | 10.7
Dodging        | 10 | 10.5
Fighting       | 1 4 6 |  6.6
Charms         | 8 11 12 15 | 15.4
Transmutations | 2 |  2.1
Poison Magic   | 2 |  2.0
Stealth        | |  2.4
Air Magic      | |  0.8

Action                   |  1- 3 |  4- 6 |  7- 9 | 10-12 | 13-15 || total
-------------------------+-------+-------+-------+-------+-------++-------
Melee: Unarmed           |     4 |       |       |       |       ||     4
       Dagger            |     2 |     9 |     2 |    95 |       ||   108
       Rapier            |       |       |       |     1 |    12 ||    13
 Cast: Flame Tongue      |    50 |    37 |    99 |   372 |   457 ||  1015
       Throw Flame       |    13 |    63 |   108 |   213 |   103 ||   500
       Fireball          |       |       |     8 |    80 |    86 ||   174
       Iskenderun's Batt |       |       |       |    36 |   130 ||   166
       Mephitic Cloud    |       |       |       |     5 |       ||     5
       Orb of Destructio |       |       |       |       |     9 ||     9
       Deflect Missiles  |       |       |       |       |     1 ||     1
Evoke: Wand              |       |     8 |       |       |     2 ||    10
  Use: Scroll            |     6 |     5 |     3 |    10 |    13 ||    37
       Potion            |       |     1 |     3 |     4 |     6 ||    14
 Stab: Sleeping          |     2 |     6 |     2 |       |       ||    10
  Eat: Chunk             |     2 |     8 |    13 |    22 |    25 ||    70
       Fruit             |       |       |     1 |     2 |     6 ||     9
       Royal jelly       |       |       |     1 |     2 |     1 ||     4
       Beef jerky        |       |       |     1 |     2 |     2 ||     5
       Pizza             |       |       |       |     3 |     1 ||     4
Armor: Robe              |     3 |     5 |     8 |    34 |    20 ||    70
Dodge: Dodged            |    16 |    12 |    35 |   272 |   196 ||   531
Block: Other             |       |     4 |    22 |     5 |       ||    31
       Reflection        |       |       |     3 |       |       ||     3
